 Dungeon Crawl Stone Soup version 0.28.0-47-ge53b351184 (webtiles) character file.

Game seed: 15441817982168195523

38 seaoflcl the Shooter (level 3, -1/27 HPs)
             Began as a Human Hunter on May 3, 2022.
             Slain by a gnoll
             ... wielding a +0 spear
              (7 damage)
             ... on level 2 of the Dungeon.
             The game lasted 00:02:12 (821 turns).

seaoflcl the Shooter (Human Hunter)                  Turns: 821, Time: 00:02:13

Health: -1/27      AC:  3    Str: 14    XL:     3   Next: 65%
Magic:  3/3        EV: 12    Int: 11    God:
Gold:   37         SH:  0    Dex: 13    Spells: 2/2 levels left

rFire   . . .      SeeInvis .   b - +0 short sword
rCold   . . .      Faith    .   (no shield)
rNeg    . . .      Spirit   .   c - +0 leather armour
rPois   .          Reflect  .   (no helmet)
rElec   .          Harm     .   (no cloak)
rCorr   .          Rampage  .   (no gloves)
Will    .....                   (no boots)
Stlth   ++........              (no amulet)
HPRegen 0.09/turn               (no ring)
MPRegen 0.08/turn               (no ring)

@: no status effects
A: no striking features
a: no special abilities


You were on level 2 of the Dungeon.
You visited 1 branch of the dungeon, and saw 2 of its levels.

You collected 37 gold pieces.

Inventory:

Hand Weapons
 a - a +1 shortbow
 b - a +0 short sword (weapon)
Armour
 c - a +0 leather armour (worn)
Scrolls
 f - 2 scrolls of identify {unknown}
 g - a scroll of fog {unknown}
Potions
 e - a potion of curing {unknown}
 h - a potion of lignification {unknown}
 i - a potion of berserk rage {unknown}


   Skills:
 - Level 2.0 Fighting
 * Level 4.5 Bows
 + Level 2.5 Dodging
 + Level 1.9 Stealth


You had 2 spell levels left.
You didn't know any spells.
Your spell library was empty.

Dungeon Overview and Level Annotations

Branches:
Dungeon (2/15)

Altars:

Shops:
D:1 ?*?


Message History

Fire: 3 arrows
Press: ? - help, Q - select action Shift-Dir - straight line, f/p - gnoll
Aim: a gnoll, wielding a +0 spear (severely wounded, 65% to hit)
You shoot an arrow. The arrow barely misses the gnoll.
The gnoll closely misses you. The gnoll misses you.
You see here a ball python corpse.
Fire: 2 arrows
Press: ? - help, Q - select action Shift-Dir - straight line, f/p - gnoll
Aim: a gnoll, wielding a +0 spear (severely wounded, 65% to hit)
You shoot an arrow. The arrow hits the gnoll.
The gnoll is severely wounded.
The gnoll barely misses you. The gnoll hits you with a +0 club.
Fire: arrow
Press: ? - help, Q - select action Shift-Dir - straight line, f/p - gnoll
Aim: a gnoll, wielding a +0 spear (severely wounded, 65% to hit)
You shoot an arrow. The arrow closely misses the gnoll.
The gnoll misses you. The gnoll hits you with a +0 club.
Unknown command.
Unknown command.
Unknown command.
The gnoll closely misses you. The gnoll barely misses you.
You see here a ball python corpse.
Really attack while wielding your +1 shortbow? [Y]es or [N]o only, please.
Really attack while wielding your +1 shortbow? [Y]es or [N]o only, please.
Really attack while wielding your +1 shortbow? [Y]es or [N]o only, please.
Really attack while wielding your +1 shortbow? [Y]es or [N]o only, please.
Really attack while wielding your +1 shortbow?
Okay, then.
b - a +0 short sword (weapon)
The gnoll closely misses you.
You closely miss the gnoll.
The gnoll is severely wounded.
The gnoll hits you with a +0 club.
* * * LOW HITPOINT WARNING * * *
The gnoll hits you with a +0 spear!
You die...

.....# .....
.....########....##
..................
.....###.........#
...#..........##.#######
##.#####......#........##
#..#....................
###.#.###..............#
#.....# #......g@......#.
#.#...# #.....#..g(......
......######..#....(.....
.......# #..#....(..(..
.....#.# #........(..(.
.....#.# ##.#......(.(.
.....#.###............(.(
.........#......##...#...
.......#........ .#...#(


You could see 2 gnolls.

Vanquished Creatures
  A gnoll (D:2)
  A dart slug (D:1)
  3 ball pythons (D:2)
  3 bats (D:1)
  4 endoplasms (D:1)
  2 giant cockroaches (D:1)
  2 goblins
  A hobgoblin (D:1)
  3 quokkas (D:1)
  A frilled lizard (D:1)
  3 rats
24 creatures vanquished.

Notes
Turn   | Place    | Note
-------+----------+-------------------------------------------
     0 | D:1      | seaoflcl the Human Hunter began the quest for the Orb.
     0 | D:1      | Reached XP level 1. HP: 16/16 MP: 1/1
    70 | D:1      | Reached XP level 2. HP: 22/22 MP: 2/2
   178 | D:1      | Found Hielauv's Magic Scroll Shop.
   212 | D:1      | Found Xisumuce's General Store.
   311 | D:1      | Found Giqouj's Magic Scroll Boutique.
   338 | D:1      | Reached XP level 3. HP: 27/27 MP: 3/3
   381 | D:1      | Found a faded altar of an unknown god.
   821 | D:2      | Slain by a gnoll

Illustrated notes

Levels and vault maps discovered:
D:1:      wander_arrival_lonely_grave, layout_basic,
          chequers_ecumenical_altar_grove, serial_shops, nicolae_shop_stone,
          shop, shop, hex_large
D:2:      layout_rooms, basic_altar

Action                   || total
-------------------------++-------
Melee: Short sword       ||     1
 Fire: Shortbow          ||    71
Armor: Leather armour    ||     2
Dodge: Dodged            ||    14
